 Dungeon Crawl Stone Soup version 0.30-a0-862-g1aabd4f9c5 (webtiles) character file.

Game seed: 7307448270130001899

44717 Ijustatesigmund the Eclecticist (level 13, -6/75 HPs)
             Began as a Deep Elf Conjurer on Mar 8, 2023.
             Was a High Priest of Vehumet.
             Mangled by a six-headed hydra (9 damage)
             ... on level 5 of the Lair of Beasts on Mar 9, 2023.
             The game lasted 01:18:00 (25830 turns).

Ijustatesigmund the Eclecticist (DECj)             Turns: 25830, Time: 01:18:01

Health: -6/75      AC: 11    Str:  4    XL:     13   Next: 97%
Magic:  22/38      EV: 20    Int: 29    God:    Vehumet [*****.]
Gold:   1309       SH:  0    Dex: 13    Spells: 22/51 levels left

rFire   x . .      SeeInvis +    l - +3 shortbow (elec)
rCold   . . .      Faith    .    (shield currently unavailable)
rNeg    . . .      Spirit   .    a - +1 steam dragon scales
rPois   .          Reflect  .    F - +0 helmet {SInv}
rElec   .          Rampage  .    u - +1 cloak
rCorr   .                        L - +0 pair of gloves
Will    +....                    (no boots)
Stlth   ++                       (no amulet)
HPRegen 0.32/turn                g - +4 ring of protection
MPRegen 0.26/turn                s - +5 ring of evasion

@: no status effects
A: deformed body, heat vulnerability 1
a: Renounce Religion


You were on level 5 of the Lair of Beasts.
You worshipped Vehumet.
Vehumet was extremely pleased with you.
You visited 3 branches of the dungeon, and saw 19 of its levels.

You collected 1309 gold pieces.

Inventory:

Hand Weapons
 e - a +2 morningstar of protection
 l - a +3 shortbow of electrocution (weapon)
 p - the +3 rapier of Exquisite Death {speed, rC+ Str+5 Int-3}
   (You found it on level 4 of the Dungeon)

   Str:       It affects your strength (+5).
   Int:       It affects your intelligence (-3).
   rC:        It protects you from cold.
Armour
 a - +1 steam dragon scales (worn)
 u - a +1 cloak (worn)
 F - a +0 helmet of see invisible (worn)
 L - a +0 pair of gloves (worn)
Jewellery
 d - a +4 ring of slaying
 g - a +4 ring of protection (left hand)
 q - a ring of protection from fire
 s - a +5 ring of evasion (right hand)
 v - a ring of positive energy
 w - a ring of positive energy
 C - the amulet "Foqayblu" {Faith Harm rF- Str+2}
   (You found it on level 4 of the Lair of Beasts)

   [amulet of faith]

   It allows you to gain divine favour quickly.
   Str:       It affects your strength (+2).
   rF:        It makes you vulnerable to fire.
   Harm:      It increases damage dealt and taken.
 K - a +6 ring of intelligence
Wands
 m - a wand of flame (11)
 o - a wand of roots (13)
 y - a wand of digging (18)
 A - a wand of polymorph (4)
 M - a wand of quicksilver (4)
Scrolls
 b - a scroll of enchant armour
 h - 4 scrolls of teleportation
 x - 4 scrolls of immolation
 z - a scroll of blinking
 E - 2 scrolls of magic mapping
 G - 9 scrolls of identify
 H - 2 scrolls of fear
 J - a scroll of amnesia {unknown}
Potions
 c - 3 potions of haste
 f - 2 potions of attraction
 i - 3 potions of berserk rage
 j - 4 potions of curing
 k - 4 potions of flight
 n - 3 potions of might
 r - 5 potions of lignification
 t - a potion of heal wounds
 B - a potion of magic
 D - 3 potions of brilliance
 I - 2 potions of cancellation


   Skills:
 - Level 6.3 Fighting
 - Level 7.0 Ranged Weapons
 - Level 7.8 Dodging
 - Level 2.4 Stealth
 + Level 19.5 Spellcasting
 + Level 12.6 Conjurations
 - Level 2.8 Hexes
 - Level 8.0 Translocations
 + Level 4.8 Fire Magic
 - Level 4.3 Ice Magic
 - Level 6.5 Evocations


You had 22 spell levels left.
You knew the following spells:

 Your Spells              Type           Power      Damage    Failure   Level
a - Magic Dart            Conj           100%       1d8       0%          1
b - Searing Ray           Conj           100%       2d8       0%          2
c - Hailstorm             Conj/Ice       67%        3d14      1%          3
d - Frozen Ramparts       Ice            100%       1d16      1%          3
e - Iskenderun's Mystic   Conj/Tloc      73%        2d15      1%          4
f - Blink                 Tloc           100%       N/A       1%          2
g - Inner Flame           Hex/Fire       50%        N/A       1%          3
h - Iskenderun's Battles  Conj           79%        2d13      1%          5
i - Starburst             Conj/Fire      34%        6d10      1%          6

Your spell library contained the following spells:

 Spells                   Type           Power      Damage    Failure   Level
 Freezing Cloud           Conj/Ice/Air   28%        6-21      1%          5
 Apportation              Tloc           100%       N/A       1%          1
 Freeze                   Ice            100%       1d10      1%          1
 Necrotise                Necr           100%       1d9       1%          1
 Summon Small Mammal      Summ           100%       N/A       1%          1
 Ensorcelled Hibernation  Hex/Ice        96%        N/A       1%          2
 Scorch                   Fire           100%       2d10      1%          2
 Dazzling Flash           Conj/Hex       100%       N/A       1%          3
 Tukima's Dance           Hex            44%        N/A       1%          3
 Vhi's Electric Charge    Tloc/Air       100%       N/A       1%          3
 Flame Wave               Conj/Fire      68%        2d15      1%          4
 Fulminant Prism          Conj/Hex       32%        3d16      1%          4
 Manifold Assault         Tloc           66%        N/A       1%          4
 Passage of Golubria      Tloc           66%        N/A       1%          4
 Arcjolt                  Conj/Air       30%        1d40      1%          5
 Summon Guardian Golem    Hex/Summ       36%        N/A       2%          3
 Call Canine Familiar     Summ           28%        N/A       4%          3
 Spider Form              Tmut/Pois      28%        N/A       4%          3
 Vampiric Draining        Necr           28%        2d8       4%          3
 Yara's Violent Unravell  Hex/Tmut       18%        3d9       6%          5
 Anguish                  Hex/Necr       18%        N/A       8%          4
 Agony                    Necr           28%        N/A       36%         5
 Alistair's Intoxication  Tmut/Pois      18%        N/A       36%         5
 Summon Cactus Giant      Summ           14%        N/A       91%         6
 Storm Form               Tmut/Air       14%        N/A       100%        7
 Maxwell's Capacitive Co  Air            14%        ∞         100%        8


Dungeon Overview and Level Annotations

Branches:
Dungeon (13/15)            Temple (1/1) D:6            Lair (5/5) D:11
  Swamp (0/4) Lair:2       Spider (0/4) Lair:2        Slime (0/5) Lair:4
    Orc (0/2) D:12
 Vaults: D:13-14

Altars:
Ashenzari
Cheibriados
Dithmenos
Elyvilon
Fedhas
Gozag
Hepliaklqana
Kikubaaqudgha
Makhleb
Nemelex Xobeh
Okawaru
Qazlal
Ru
Sif Muna
Trog
Uskayaw
Vehumet
Wu Jian
Xom
Yredelemnul
Zin
The Shining One
Jiyva

Shops:
D:2 (   D:12 =

Annotations:
Lair:3 1 runed translucent door, Urimisua's ghost, journeyman DgDe


Innate Abilities, Weirdness & Mutations

Armour fits poorly on your strangely shaped body.
You are vulnerable to heat. (rF-)


Message History

You hear a bellow!
You hear an angry hiss.
Your battlesphere fires!
The barrage of energy hits the eight-headed hydra!
The eight-headed hydra is severely wounded.
The six-headed hydra completely misses you. x2
The six-headed hydra bites you! The six-headed hydra bites you.
The six-headed hydra closely misses you.
The six-headed hydra bites you but does no damage.
Casting: Iskenderun's Mystic Blast (safe; 1% risk of failure)
Confirm with . or Enter, or press ? or * to list all spells.
You erupt in a blast of force!
The mystic blast hits the eight-headed hydra!!
You kill the eight-headed hydra!
Vehumet accepts your kill.
The mystic blast hits the rime drake!!
The rime drake is severely wounded.
The mystic blast hits the six-headed hydra!
The six-headed hydra is almost dead.
You hear an angry hiss.
Your battlesphere fires!
The barrage of energy hits the rime drake!
The rime drake is almost dead.
The six-headed hydra completely misses you.
The six-headed hydra bites you! The six-headed hydra misses you.
The six-headed hydra bites you but does no damage.
The six-headed hydra misses you. The six-headed hydra barely misses you.
The ice encasing you melts away. The rime drake breathes ice at you.
The icy flash freeze misses you.
A water moccasin comes into view.
The six-headed hydra bites you!
* * * LOW HITPOINT WARNING * * *
The six-headed hydra completely misses you.
The six-headed hydra bites you!
* * * LOW HITPOINT WARNING * * *
The six-headed hydra bites you!
* * * LOW HITPOINT WARNING * * *
The six-headed hydra closely misses you.
The six-headed hydra bites you!
You die...

.......##
........###
..........##
...........##
............##
........*....#.
...............
.......@D......
<.....†k.......
.....†...♣♣.♣S.
.......♣♣♣ ♣
♣♣♣...♣ ♣.♣♣ .♣
♣.


You could see a six-headed hydra, a rime drake (catching breath, ally target), a
water moccasin and a friendly battlesphere.

Vanquished Creatures
  Snorg (D:11)
  Josephine (D:10)
  4 hydras
  3 two-headed ogres
  2 boulder beetles
  A centaur warrior (D:10)
  3 death yaks (Lair:4)
  Sonja (Lair:2)
  Lodul (D:10)
  A deep elf pyromancer (D:12)
  A manticore (D:12)
  2 cyclopes (D:12)
  2 black mambas
  6 elephants
  Joseph (D:9)
  Psyche (D:8)
  Maggie (D:6)
  4 rime drakes
  5 cane toads
  An unseen horror (D:12)
  12 komodo dragons
  A tengu conjurer (D:9)
  A troll (D:11)
  2 polar bears
  3 hornets
  13 blink frogs
  11 dream sheep
  2 shadows
  4 wraiths (D:10)
  9 wyverns
  37 yaks
  2 basilisks
  3 vampire mosquitoes (D:11)
  4 steam dragons
  4 swamp worms (Lair:2)
  3 acid dragons
  22 water moccasins
  Duvessa (D:7)
  A swamp drake (Lair:2)
  A sky beast (D:8)
  5 orc warriors
  3 black bears
  6 ogres (D:10)
  2 ice beasts
  8 wolves
  5 phantoms
  Blork the orc (D:6)
  A kobold brigand (D:8)
  14 bullfrogs
  4 scorpions
  A gnoll sergeant (D:12)
  A wight (D:8)
  Dowan (D:7)
  9 killer bees
  6 howler monkeys
  7 electric eels
  5 lava snakes (Lair:2)
  5 hounds
  4 orc priests
  2 sleepcaps (D:5)
  2 gnoll boudas
  7 iguanas
  Terence (D:2)
  Ijyb (D:3)
  9 orc wizards
  11 gnolls
  23 adders
  A white imp (D:8)
  3 ufetubi
  7 worms
  A dart slug (D:1)
  26 orcs
  8 ball pythons
  5 bats
  5 endoplasms
  5 giant cockroaches
  4 goblins
  5 hobgoblins
  5 jackals
  3 quokkas
  5 frilled lizards
  5 kobolds
  3 rats (D:1)
413 creatures vanquished.

Vanquished Creatures (others)
  39 fungi
  39 plants
78 creatures vanquished.

Grand Total: 491 creatures vanquished

Notes
Turn   | Place    | Note
-------+----------+-------------------------------------------
     0 | D:1      | Ijustatesigmund the Deep Elf Conjurer began the quest for
                  | the Orb.
     0 | D:1      | Reached XP level 1. HP: 10/10 MP: 6/6
   262 | D:1      | Reached XP level 2. HP: 15/15 MP: 3/8
   480 | D:1      | Learned a level 2 spell: Searing Ray
   803 | D:1      | Reached skill level 4 in Spellcasting
  1052 | D:1      | Reached skill level 5 in Conjurations
  1077 | D:1      | Reached XP level 3. HP: 19/19 MP: 7/10
  1275 | D:1      | Learned a level 3 spell: Hailstorm
  1371 | D:2      | Found Zaocu's Weapon Shop.
  1726 | D:2      | Noticed Terence
  1732 | D:2      | Killed Terence
  1733 | D:2      | Reached skill level 1 in Ice Magic
  1744 | D:2      | Learned a level 3 spell: Frozen Ramparts
  1817 | D:2      | Reached XP level 4. HP: 24/24 MP: 5/12
  2681 | D:3      | Found an iron altar of Okawaru.
  2749 | D:3      | Noticed Ijyb
  2755 | D:3      | Killed Ijyb
  3610 | D:4      | Reached skill level 5 in Spellcasting
  3610 | D:4      | Reached XP level 5. HP: 23/28 MP: 4/14
  3615 | D:4      | Learned a level 4 spell: Iskenderun's Mystic Blast
  3742 | D:4      | Identified the +3 rapier of Exquisite Death {speed, rC+
                  | Str+5 Int-3}
  4300 | D:5      | Entered Level 5 of the Dungeon
  4411 | D:5      | Reached XP level 6. HP: 5/32 MP: 5/16
  4539 | D:5      | Reached skill level 6 in Spellcasting
  4539 | D:5      | Reached skill level 1 in Translocations
  4712 | D:5      | Found an ornate altar of the Wu Jian Council.
  4712 | D:5      | Noticed an ice beast
  4730 | D:5      | Reached XP level 7. HP: 36/36 MP: 12/18
  4926 | D:5      | Reached skill level 7 in Spellcasting
  5323 | D:4      | Found an ancient bone altar of Kikubaaqudgha.
  5641 | D:5      | Reached skill level 1 in Fighting
  5646 | D:5      | Reached XP level 8. HP: 38/43 MP: 7/21
  5784 | D:5      | Found a stormy altar of Qazlal.
  6222 | D:5      | Reached skill level 8 in Spellcasting
  7067 | D:6      | Found a staircase to the Ecumenical Temple.
  7086 | D:6      | Identified the +1 buckler "Sustrunwe" {-Cast Fly rN++
                  | Slay+5}
  7245 | D:6      | Noticed Maggie
  7255 | D:6      | Killed Maggie
  7256 | D:6      | Reached skill level 5 in Translocations
  7401 | D:6      | Noticed Blork the orc
  7406 | D:6      | Killed Blork the orc
  7407 | D:6      | Reached skill level 9 in Spellcasting
  7407 | D:6      | Reached XP level 9. HP: 42/50 MP: 11/24
  7536 | Temple   | Entered the Ecumenical Temple
  7608 | Temple   | Became a worshipper of Vehumet
  8196 | D:6      | Found a sparkling altar of Nemelex Xobeh.
  8683 | D:7      | Noticed Duvessa
  8807 | D:7      | Noticed Dowan
  8808 | D:7      | Killed Duvessa
  8815 | D:7      | Killed Dowan
  8868 | D:7      | Reached skill level 10 in Spellcasting
  8990 | D:7      | Learned a level 2 spell: Blink
  9539 | D:8      | Reached * piety under Vehumet
  9539 | D:8      | Offered knowledge of Foxfire by Vehumet.
  9541 | D:8      | Reached XP level 10. HP: 52/56 MP: 6/26
  9929 | D:8      | Reached skill level 11 in Spellcasting
  9997 | D:8      | Found a glowing silver altar of Zin.
 10043 | D:8      | Identified the +11 war axe of the Scavenger {venom, Fly
                  | Str+3}
 10044 | D:8      | Gained mutation: You have sharp toenails. [potion of
                  | mutation]
 10044 | D:8      | Gained mutation: You are frail. (-10% HP) [potion of
                  | mutation]
 10044 | D:8      | Gained mutation: You possess an exceptional clarity of
                  | mind. [potion of mutation]
 10045 | D:8      | Lost mutation: You have sharp toenails. [potion of
                  | mutation]
 10045 | D:8      | Lost mutation: You possess an exceptional clarity of mind.
                  | [potion of mutation]
 10045 | D:8      | Lost mutation: You are frail. (-10% HP) [potion of
                  | mutation]
 10045 | D:8      | Gained mutation: You sometimes lose your temper in combat.
                  | [potion of mutation]
 10045 | D:8      | Gained mutation: You expend magic power (3 MP) to
                  | strengthen your wands. [potion of mutation]
 10045 | D:8      | Gained mutation: You are agile. (Dex +4, Str/Int -1)
                  | [potion of mutation]
 10046 | D:8      | Lost mutation: You expend magic power (3 MP) to strengthen
                  | your wands. [potion of mutation]
 10046 | D:8      | Lost mutation: You are agile. (Dex +4, Str/Int -1) [potion
                  | of mutation]
 10046 | D:8      | Lost mutation: You sometimes lose your temper in combat.
                  | [potion of mutation]
 10046 | D:8      | Gained mutation: Your body sometimes deteriorates upon
                  | taking damage. [potion of mutation]
 10046 | D:8      | Gained mutation: You are clumsy. (Dex -2) [potion of
                  | mutation]
 10323 | D:8      | Found a glowing golden altar of the Shining One.
 10589 | D:8      | Noticed Psyche
 10595 | D:8      | Reached skill level 12 in Spellcasting
 10598 | D:8      | Killed Psyche
 10605 | D:8      | Reached skill level 13 in Spellcasting
 11306 | D:9      | Noticed a two-headed ogre
 11311 | D:9      | Killed a two-headed ogre
 11312 | D:9      | Reached skill level 10 in Conjurations
 11312 | D:9      | Reached skill level 1 in Evocations
 11774 | D:9      | Found a shimmering blue altar of Sif Muna.
 11865 | D:9      | Noticed Joseph
 11875 | D:9      | Killed Joseph
 11962 | D:9      | Found a snail-covered altar of Cheibriados.
 12271 | D:9      | Found a hazy altar of Hepliaklqana.
 12405 | D:10     | Entered Level 10 of the Dungeon
 12464 | D:10     | Reached XP level 11. HP: 61/61 MP: 22/30
 12657 | D:10     | Noticed Josephine
 12664 | D:10     | Offered knowledge of Kiss of Death by Vehumet.
 12666 | D:10     | Killed Josephine
 12667 | D:10     | Reached ** piety under Vehumet
 12902 | D:10     | Noticed a centaur warrior
 12909 | D:10     | Killed a centaur warrior
 12910 | D:10     | Reached skill level 14 in Spellcasting
 13154 | D:10     | Reached skill level 1 in Ranged Weapons
 13253 | D:10     | Noticed Lodul
 13270 | D:10     | Killed Lodul
 13760 | D:11     | Offered knowledge of Inner Flame by Vehumet.
 13880 | D:11     | Noticed a two-headed ogre
 13888 | D:11     | Killed a two-headed ogre
 14038 | D:11     | Reached skill level 5 in Ranged Weapons
 14337 | D:11     | Noticed Snorg
 14348 | D:11     | Killed Snorg
 14349 | D:11     | Reached skill level 15 in Spellcasting
 14551 | D:11     | Upgraded the game from 0.30-a0-860-g512cf1e979 to
                  | 0.30-a0-862-g1aabd4f9c5
 14705 | D:11     | Found a staircase to the Lair.
 14973 | D:11     | Reached *** piety under Vehumet
 15162 | D:11     | Learned a level 3 spell: Inner Flame
 15248 | D:12     | Noticed a boulder beetle
 15634 | D:12     | Reached skill level 1 in Hexes
 15634 | D:12     | Reached skill level 1 in Fire Magic
 15634 | D:12     | Reached XP level 12. HP: 40/66 MP: 16/33
 16152 | D:12     | Killed a boulder beetle
 16256 | D:12     | Offered knowledge of Airstrike by Vehumet.
 16899 | D:12     | Found a staircase to the Orcish Mines.
 16953 | D:12     | Found Komath Guff's Jewellery Boutique.
 17504 | D:12     | Lost mutation: Your body sometimes deteriorates upon taking
                  | damage. [potion of mutation]
 17504 | D:12     | Lost mutation: You are clumsy. (Dex -2) [potion of
                  | mutation]
 17504 | D:12     | Gained mutation: You are vulnerable to heat. (rF-) [potion
                  | of mutation]
 17607 | D:13     | Noticed a two-headed ogre
 17619 | D:13     | Killed a two-headed ogre
 17620 | D:13     | Reached skill level 5 in Fighting
 17620 | D:13     | Reached skill level 16 in Spellcasting
 17961 | D:13     | Noticed a death yak
 18315 | Lair:1   | Entered Level 1 of the Lair of Beasts
 18315 | Lair:1   | You fall into a shaft and drop 1 floor!
 18615 | Lair:1   | Reached **** piety under Vehumet
 19421 | Lair:1   | Offered knowledge of Ignite Poison by Vehumet.
 19423 | Lair:1   | Reached skill level 17 in Spellcasting
 20366 | Lair:2   | Reached skill level 5 in Evocations
 20674 | Lair:2   | Identified the +8 spear of the Common Good {vamp, rC++
                  | Str+3}
 20678 | Lair:2   | Noticed a six-headed hydra
 20691 | Lair:2   | Killed a six-headed hydra
 20850 | Lair:2   | Reached XP level 13. HP: 43/75 MP: 25/36
 21568 | Lair:2   | Noticed Sonja
 21575 | Lair:2   | Reached ***** piety under Vehumet
 21576 | Lair:2   | Offered knowledge of Iskenderun's Battlesphere by Vehumet.
 21578 | Lair:2   | Killed Sonja
 21615 | Lair:2   | Found a hole to the Spider Nest.
 21790 | Lair:2   | Reached skill level 18 in Spellcasting
 21805 | Lair:2   | Reached skill level 5 in Dodging
 22019 | Lair:2   | Identified the +1 dagger of Ladesis {holy, *Noise rC+
                  | Will++}
 22119 | Lair:2   | Found a staircase to the Swamp.
 22799 | Lair:3   | Found a runed translucent door.
 23128 | Lair:3   | Learned a level 5 spell: Iskenderun's Battlesphere
 23189 | Lair:3   | Found a shimmering altar of Xom.
 23189 | Lair:3   | Noticed Urimisua's ghost (journeyman DgDe)
 24029 | Lair:4   | Learned a level 6 spell: Starburst
 24045 | Lair:4   | Reached skill level 19 in Spellcasting
 24049 | Lair:4   | Found a viscous altar of Jiyva.
 24050 | Lair:4   | Found a staircase to the Slime Pits.
 24462 | Lair:4   | Found a shimmering altar of Xom.
 24734 | Lair:4   | Lost mutation: You are vulnerable to heat. (rF-) [potion of
                  | mutation]
 24734 | Lair:4   | Gained mutation: You are vulnerable to heat. (rF-) [potion
                  | of mutation]
 24734 | Lair:4   | Gained mutation: Armour fits poorly on your strangely
                  | shaped body. [potion of mutation]
 24942 | Lair:4   | Identified the amulet "Foqayblu" {Faith Harm rF- Str+2}
 25036 | Lair:4   | Offered knowledge of Freezing Cloud by Vehumet.
 25458 | Lair:5   | Entered Level 5 of the Lair of Beasts
 25618 | Lair:5   | Noticed a dire elephant
 25830 | Lair:5   | HP: 3/75 [six-headed hydra (9)]
 25830 | Lair:5   | Mangled by a six-headed hydra

Illustrated notes

Levels and vault maps discovered:
D:1:      matt_arrival_spirals, layout_loops_cross
D:2:      layout_rooms, serial_shops, nicolae_shop_behind_doors,
          amcnicky_mini_rare_corridor_liquid, chequers_big_river, uniq_terence
D:3:      cheibrodos_old_hovel, layout_loops_corners, okawaru_ov_weapons_minmay,
          uniq_ijyb
D:4:      layout_basic, mainiacjoe_overflow_small_starburst, grunt_tough_drop
D:5:      layout_rooms, mainiacjoe_overflow_boulevard,
          mainiacjoe_overflow_brackets, grunt_ministairs_11
D:6:      layout_basic, nemelex_altar_shiori, minmay_temple_entry_offerings,
          uniq_maggie, uniq_blork_the_orc
D:7:      layout_cave_pools, minmay_misc_feat_chi, amcnicky_mini_pool_small,
          uniq_duvessa
D:8:      minmay_general_purpose_star, layout_basic, kennysheep_mini,
          zin_academy, minmay_misc_feat_enclosed, uniq_psyche
D:9:      layout_irregular_city, led_sif_pool, nzn_hepliaklqana_mist_gate,
          old_standard_altar, billiards_dpeg, uniq_joseph
D:10:     layout_loops_ring, uniq_josephine, uniq_lodul
D:11:     layout_gridville, erik_lair_dragon, uniq_snorg
D:12:     layout_small_grid, david_orc_4, serial_shops, shop,
          grunt_ministairs_10
D:13:     dreamdust_isle_of_ice, layout_irregular_city
Temple:   nicolae_temple_x_marks_the_god
Lair:1:   layout_layer_cave, serial_bayou_shore_a
Lair:2:   lemuel_reptile_caves, layout_misc_corridors,
          nicolae_swamp_entry_splash_gauntlet, dummy_spider_entry,
          nicolae_lair_liquid_snakes, lemuel_fruit_tree, uniq_sonja
Lair:3:   layout_loops_ring, ebering_ghost_xom, serial_bayou_shore_b
Lair:4:   layout_concentric_octagons, slime_entry_1, basic_altar
Lair:5:   evil_forest, layout_cave_pods, uniq_kirke

Skill      XL: |  1  2  3  4  5  6  7  8  9 10 11 12 13 |
---------------+----------------------------------------+-----
Spellcasting   | 4 5 6 7 9 10 13 15 17 19 | 19.5
Conjurations   | 5 6 7 8 9 10 11 12 | 12.6
Ice Magic      | 1 2 3 4 |  4.3
Translocations | 2 3 5 7 8 |  8.0
Fighting       | 1 3 4 6 |  6.3
Dodging        | 4 7 |  7.8
Evocations     | 2 4 5 6 |  6.5
Ranged Weapons | 6 7 |  7.0
Hexes          | 1 2 |  2.8
Fire Magic     | 1 2 4 |  4.8
Stealth        | |  2.4

Action                     |  1- 3 |  4- 6 |  7- 9 | 10-12 | 13-15 || total
---------------------------+-------+-------+-------+-------+-------++-------
  Melee: Short sword       |       |    17 |     6 |     9 |       ||    32
         Morningstar       |       |       |       |     2 |       ||     2
         Trident           |       |       |       |     1 |       ||     1
   Fire: Shortbow          |       |       |       |   177 |   205 ||   382
   Cast: Magic Dart        |    70 |    70 |    62 |    91 |    15 ||   308
         Searing Ray       |     1 |    12 |    34 |    32 |     2 ||    81
         Frozen Ramparts   |       |     1 |     9 |    44 |    11 ||    65
         Hailstorm         |       |     5 |    19 |    65 |    27 ||   116
         Iskenderun's Myst |       |     1 |    23 |    74 |    70 ||   168
         Blink             |       |       |       |     5 |       ||     5
         Iskenderun's Batt |       |       |       |       |     7 ||     7
  Evoke: Wand              |       |     2 |     6 |    11 |     2 ||    21
    Use: Scroll            |     4 |     8 |     8 |    11 |     3 ||    34
         Potion            |       |       |     1 |     7 |     2 ||    10
   Stab: Sleeping          |       |     1 |       |     1 |       ||     2
 Armour: Robe              |     2 |    15 |    14 |       |       ||    31
         Steam dragon scal |       |       |       |    39 |    31 ||    70
  Dodge: Dodged            |     5 |    30 |    32 |   153 |   119 ||   339

Table legend: (Time is in decaauts)
 A = Elapsed time spent in this place.
 B = Non-inter-level travel time spent in this place.
 C = Inter-level travel time spent in this place.
 D = Time resting spent in this place.
 E = Time spent auto-exploring this place.
 F = Levels seen in this place.
 G = Mean time per level.
                   A        B        C        D        E       F      G
               +--------+--------+--------+--------+--------+-----+--------+
         Total |  25945 |  24903 |   1042 |   9085 |  13078 |  19 | 1365.5 |
       Dungeon |  18258 |  17407 |    851 |   6746 |   8940 |  13 | 1404.5 |
        Temple |     85 |     85 |      0 |      0 |     46 |   1 |   85.0 |
          Lair |   7601 |   7411 |    190 |   2339 |   4091 |   5 | 1520.2 |
               +--------+--------+--------+--------+--------+-----+--------+

Top non-repeatable levels by time:
  Lair:2: 2110 daAuts
  Lair:4: 2079 daAuts
     D:5: 2023 daAuts
    D:12: 1972 daAuts
    D:11: 1952 daAuts
  Lair:1: 1854 daAuts
     D:6: 1849 daAuts
     D:9: 1676 daAuts
  Lair:3: 1509 daAuts
     D:8: 1487 daAuts
     D:1: 1333 daAuts
    D:10: 1325 daAuts
     D:3: 1140 daAuts
     D:4: 1103 daAuts
     D:2: 1071 daAuts
